Map: Catalyst LE

Players

iGRushcrazy (Rushcrazy) - Winner!

  • Race: Protoss Protoss
  • Spawn Location: 5:00

AlaSReformed (AlaStOr)

  • Race: Zerg Zerg
  • Spawn Location: 11:00

Event: WCS Valencia 2018

VOD

Have the link to the VOD?

Description

Time

  • Played on: July 12, 2018, 6:33 a.m.
  • Length: 9:40

All games in this series

Show
View Real Time Build Order
Export as new Build Order

iGRushcrazy Protoss - Winner!

Build Orders: 1 Gate Expand, Oracle Opening, Phoenix Opening, Chargelot Immortal, Mass Phoenix 

Get SALT Encoding   

  12  0:01  Probe  
  13  0:13  Probe  
  14  0:20  Pylon  
  14  0:25  Probe  
  15  0:35  Probe  
  15  0:40  Gateway  
  16  0:43  Probe  
  16  0:47  Assimilator  
  17  0:53  Probe  
  18  1:05  Probe  
  19  1:17  Probe  
  20  1:26  Nexus  
  20  1:36  Cybernetics Core  
  20  1:38  Probe  
  21  1:47  Assimilator  
  21  1:51  Probe  
  22  1:55  Pylon  
  22  2:03  Probe  
  22  2:05  Adept  
  23  2:15  Probe  
  26  2:23  Stargate  
  26  2:27  Probe  
  27  2:31  Warp Gate  
  27  2:36  Probe  
  27  2:37  Adept  
  29  2:39  Probe  
  29  2:44  Probe  
  32  2:51  Probe  
  32  2:54  Probe  
  34  3:03  Probe  
  34  3:04  Phoenix  
  39  3:18  Probe  
  39  3:20  Oracle, Probe  
  39  3:26  Gateway  
  39  3:27  Pylon  
  39  3:30  Probe  
  39  3:32  Probe  
  44  3:37  Assimilator  
  44  3:42  Probe  
  44  3:43  Assimilator  
  44  3:44  Probe  
  46  3:49  Phoenix  
  46  3:54  Probe  
  47  3:55  Pylon  
  47  3:56  Probe  
  50  4:06  Stargate, Probe  
  50  4:08  Probe  
  52  4:13  Pylon  
  52  4:18  Probe  
  53  4:31  Probe  
  54  4:32  Phoenix  
  54  4:33  Zealot  
  58  4:41  Probe  
  58  4:42  Phoenix  
  59  4:48  Adept  
  59  4:50  Pylon, Phoenix  
  65  5:03  Phoenix  
  65  5:07  Nexus  
  65  5:09  Probe  
  68  5:15  Phoenix  
  68  5:20  Phoenix  
  68  5:22  Pylon  
  68  5:23  Shield Battery  
  68  5:26  Probe  
  67  5:33  Probe  
  67  5:34  Sentry, Adept  
  74  5:38  Probe  
  75  5:43  Phoenix  
  75  5:47  Robotics Facility  
  77  5:50  Phoenix  
  79  6:02  Adept x2  
  83  6:08  Phoenix  
  83  6:10  Robotics Facility  
  85  6:12  Pylon  
  81  6:26  Stalker x2, Probe  
  81  6:27  Probe x2  
  85  6:34  Probe  
  85  6:39  Probe x2  
  88  6:42  Probe  
  89  6:51  Probe x2  
  89  6:52  Pylon  
  89  6:54  Probe  
  91  6:55  Twilight Council  
  91  6:56  Forge  
  92  7:03  Probe  
  92  7:04  Probe  
  92  7:06  Probe  
  95  7:08  Immortal  
  95  7:09  Immortal  
  91  7:15  Probe  
  91  7:16  Probe  
  91  7:18  Probe  
  91  7:22  Assimilator  
  98  7:26  Assimilator  
  98  7:28  Probe x2  
  98  7:30  Sentry, Probe  
  98  7:31  Gateway  
  98  7:32  Gateway  
  98  7:36  Charge  
  101  7:37  Protoss Ground Weapons Level 1  
  101  7:40  Probe x2  
  101  7:41  Templar Archives  
  101  7:43  Probe  
  102  7:52  Immortal  
  102  7:53  Immortal  
  102  7:54  Gateway  
  102  7:57  Probe  
  111  8:00  Psionic Storm  
  111  8:04  Gateway x2  
  111  8:06  Gateway  
  111  8:10  Pylon  
  111  8:23  High Templar  
  111  8:27  Photon Cannon  
  113  8:29  High Templar  
  113  8:30  Pylon  
  113  8:32  Immortal, Pylon  
  113  8:33  Pylon  
  119  8:38  Immortal  
  117  8:46  High Templar  
  123  8:50  Pylon  
  123  8:53  Pylon  
  123  8:55  High Templar  
  125  8:57  Zealot  
  127  9:05  Shield Battery, Pylon  
  127  9:06  Zealot, Pylon  
  129  9:10  Zealot x2  
  137  9:18  High Templar  
  137  9:20  Zealot, High Templar  
  137  9:21  Zealot  
  143  9:38  Zealot x4  
Show
View Real Time Build Order
Export as new Build Order

AlaSReformed Zerg 

Build Orders: Hatch First 

Get SALT Encoding   

  12  0:00  Drone  
  13  0:12  Overlord  
  13  0:17  Drone  
  14  0:30  Drone x2  
  14  0:34  Drone  
  17  0:52  Hatchery  
  17  0:54  Drone  
  17  0:57  Drone  
  18  1:11  Spawning Pool  
  18  1:12  Extractor  
  18  1:15  Drone  
  17  1:19  Drone  
  18  1:27  Drone  
  19  1:38  Overlord  
  19  1:51  Drone  
  20  1:58  Queen  
  20  2:01  Drone  
  23  2:03  Queen  
  23  2:04  Zergling x2  
  26  2:14  Metabolic Boost  
  26  2:17  Drone x2  
  28  2:28  Drone  
  29  2:33  Hatchery  
  29  2:36  Zergling x2  
  29  2:39  Drone  
  29  2:43  Drone  
  29  2:44  Drone  
  32  2:48  Drone  
  33  2:53  Overlord  
  33  2:55  Queen  
  35  3:00  Drone  
  36  3:13  Spore Crawler  
  36  3:14  Drone x2  
  36  3:15  Spore Crawler, Drone  
  36  3:16  Drone x2  
  40  3:20  Spore Crawler, Drone  
  40  3:27  Drone  
  41  3:36  Queen  
  41  3:39  Drone  
  41  3:40  Overlord  
  44  3:42  Overlord  
  44  3:48  Drone  
  45  3:50  Drone  
  45  3:52  Drone  
  47  3:56  Overlord  
  47  3:57  Overlord x2  
  47  4:03  Drone x2  
  47  4:05  Drone x2  
  47  4:06  Drone  
  52  4:12  Drone  
  52  4:15  Drone  
  52  4:16  Spore Crawler  
  53  4:17  Drone  
  53  4:19  Drone  
  54  4:24  Lair, Drone  
  54  4:27  Extractor  
  54  4:28  Extractor, Drone  
  54  4:30  Evolution Chamber  
  53  4:31  Drone  
  53  4:32  Drone, Roach Warren  
  53  4:33  Drone  
  53  4:35  Drone  
  56  4:39  Drone  
  56  4:43  Overlord  
  56  4:44  Drone x2  
  59  4:49  Drone x4  
  59  4:50  Drone  
  64  4:58  Drone x2  
  64  4:59  Drone  
  65  5:03  Extractor, Zerg Missile Weapons Level 1  
  65  5:05  Extractor, Drone x2  
  65  5:11  Zergling x4  
  67  5:19  Roach x4  
  67  5:20  Roach, Spore Crawler  
  74  5:23  Roach x2  
  74  5:27  Glial Reconstitution  
  78  5:33  Drone x2  
  78  5:34  Drone x2  
  82  5:38  Overlord, Drone  
  82  5:41  Overseer  
  83  5:43  Overlord  
  83  5:47  Queen  
  85  5:50  Spore Crawler  
  85  5:51  Spore Crawler  
  85  5:52  Spore Crawler  
  85  5:54  Spore Crawler x2  
  85  5:56  Spore Crawler, Drone x2  
  79  5:58  Drone  
  79  6:02  Drone x2  
  79  6:03  Drone x2  
  80  6:06  Drone x2  
  80  6:08  Drone  
  80  6:10  Drone  
  77  6:23  Drone  
  76  6:27  Drone x2  
  76  6:30  Drone  
  76  6:31  Overlord, Drone  
  78  6:36  Hydralisk Den  
  68  6:40  Drone x2  
  68  6:41  Spore Crawler  
  68  6:42  Spore Crawler  
  68  6:45  Extractor, Spore Crawler  
  65  6:48  Queen  
  65  6:51  Spore Crawler  
  65  6:53  Drone  
  67  6:55  Queen  
  69  7:04  Hydralisk  
  69  7:05  Hydralisk x6  
  69  7:07  Hydralisk x2  
  85  7:13  Drone x2  
  79  7:17  Drone  
  79  7:18  Drone x2  
  79  7:22  Drone x3  
  85  7:25  Grooved Spines  
  85  7:33  Hydralisk  
  85  7:34  Hydralisk x2  
  91  7:41  Hydralisk x3  
  97  7:47  Overlord  
  92  7:54  Hatchery  
  91  8:04  Overlord  
  91  8:06  Hydralisk  
  91  8:10  Hydralisk  
  91  8:12  Overlord  
  95  8:20  Hydralisk  
  95  8:22  Overlord x2  
  95  8:26  Hydralisk x2  
  101  8:29  Hydralisk  
  103  8:35  Hydralisk  
  100  8:42  Hydralisk x3  
  100  8:48  Hydralisk x2  
  110  8:56  Hydralisk x2  
  110  9:00  Roach  
  110  9:01  Roach x2  
  120  9:04  Roach  
  120  9:08  Roach x2  
  120  9:09  Roach  
  128  9:12  Overlord  
  128  9:15  Overlord  
  128  9:20  Overlord  
Tags
 
Add a new tag
Caveats
  • Supply blocks, unpowered buildings, or Contaminate may cause inaccurate times.
  • Supply counts are checked every 10 seconds.